 Dungeon Crawl Stone Soup version 0.15.2 (console) character file.

1658 Kite the Fighter (level 8, -9/78 HPs)
             Began as a Minotaur Death Knight on Dec 7, 2014.
             Was a Follower of Yredelemnul.
             Mangled by an orc warrior
             ... wielding a +0 flail
              (12 damage)
             ... on Level 4 of the Dungeon on Dec 8, 2014.
             The game lasted 03:13:19 (6720 turns).

Kite the Fighter (Minotaur Death Knight)            Turns: 6720, Time: 03:13:19

HP  -9/78        AC 12     Str 17      XL: 8   Next: 68%
MP   8/8         EV  4     Int  8      God: Yredelemnul [*.....]
Gold 263         SH  0     Dex 13      Spells:  0 memorised,  7 levels left

rFire  + . .     SeeInvis .     a - +0 quarterstaff
rCold  x . .     Clarity  .     A - +0 plate armour
rNeg   . . .     rCorr    .     (no shield)
rPois  .         rRot     .     (helmet restricted)
rElec  .         Spirit   .     (no cloak)
SustAb .         Warding  .     m - +0 pair of gloves
rMut   .         Stasis   .     y - +0 pair of boots
Gourm  .                        (no amulet)
MR     .....                    (no ring)
                                q - ring of fire

@: about to teleport, not resistant to hostile enchantments, extremely
unstealthy
A: retaliatory headbutt, horns 2
a: Animate Remains, Renounce Religion


You were on level 4 of the Dungeon.
You worshipped Yredelemnul.
Yredelemnul was aware of your devotion.
You were not hungry.

You visited 1 branch of the dungeon, and saw 6 of its levels.

You collected 263 gold pieces.

Inventory:

Hand weapons
 a - a +0 quarterstaff (weapon)
 b - a +0 arbalest
 c - a +1 spear
 d - a +4 dagger of freezing
 e - a +0 blowgun
 F - a +0 hunting sling
 G - a +0 scythe
 J - a +0 trident
Missiles
 g - 108 stones (quivered)
 s - 3 bolts of penetration
 t - 32 sling bullets
 H - 11 bolts
 M - 26 poisoned needles
 U - 4 bolts of flame
Armour
 m - a +0 pair of gloves (worn)
 y - a +0 pair of boots (worn)
 A - a +0 plate armour (worn)
 E - a +0 buckler
Magical devices
 x - a wand of polymorph (15) {unknown}
 P - a wand of lightning (4) {unknown}
Comestibles
 k - 2 meat rations
 u - a beef jerky
 v - 8 fruits
 W - 5 bread rations
Scrolls
 h - 2 scrolls of teleportation
 l - a scroll of fear
 D - a scroll of enchant armour {unknown}
 S - 3 scrolls of blinking
Jewellery
 q - a ring of fire (left hand)
Potions
 w - a potion of flight
 z - a potion of mutation {unknown}
 C - a potion of curing {unknown}
 I - a potion of restore abilities {unknown}
 K - a potion of agility {unknown}
 L - a potion of berserk rage {unknown}
 N - 2 potions of brilliance {unknown}
 X - a potion of might {unknown}
Books
 j - a book of Power

   Spells                             Type                      Level
   Fulminant Prism                    Conjuration/Hexes            4
   Iskenderun's Mystic Blast          Conjuration                  4
   Venom Bolt                         Conjuration/Poison           5
   Bolt of Magma                      Conjuration/Fire/Earth       5
   Iron Shot                          Conjuration/Earth            6
   Orb of Destruction                 Conjuration                  7


   Skills:
 + Level 9.3 Fighting
 + Level 9.3 Polearms
 - Level 1.5 Armour
 - Level 1.7 Dodging
 - Level 0.1 Stealth
 - Level 3.7 Invocations


You had 7 spell levels left.
You didn't know any spells.

Dungeon Overview and Level Annotations

Branches:
Dungeon (6/15)             Temple (0/1) D:5

Altars:
Ashenzari
Kikubaaqudgha
Nemelex Xobeh
Okawaru
Qazlal
Sif Muna
Yredelemnul
The Shining One


Innate Abilities, Weirdness & Mutations

You reflexively headbutt those who attack you in melee.
You have a pair of horns on your head.


Message History

A mysterious force pulls you upwards. The hatch slams shut behind you.
You closely miss the orc warrior. Your headbutt misses the orc warrior.
The orc warrior is heavily wounded.
The orc warrior hits you but does no damage.
Use which ability? (? or * to list)
You can't do that.
Use which ability? (? or * to list)
You can't do that.
You hit the orc warrior.
The orc warrior is heavily wounded.
The orc warrior hits you with a flail!
* * * LOW HITPOINT WARNING * * *
Drink which item? (? for menu, Esc to quit)
Okay, then.
Read which item? (? for menu, Esc to quit)
As you read the scroll of teleportation, it crumbles to dust.
You feel strangely unstable. The orc warrior barely misses you.
The orc warrior hits you with a flail!
You die...
Your body rises from the dead as a mindless zombie.

▒▒▒▒···▒ ▒▒···▒·
▒▒▒·▒ ▒▒▒▒▒··▒▒▒▒ ▒▒▒
▒▒▒·▒···▒▒ ▒▒·····▒▒▒
▒········▒▒▒
▒▒▒··········▒▒▒
▒▒··············▒
▒▒▒··▒·············
▒▒▒·@·▒▒▒····<·······
▒▒▒··o▒▒▒
▒▒···········
▒▒····▒▒ ▒▒··········
▒▒▒···▒▒▒ ▒▒▒·······▒
▒▒▒····▒▒ ▒▒▒▒···▒▒
▒····▒▒▒ ▒▒▒▒▒
▒▒···▒▒ ▒··▒▒▒ ▒ ▒▒▒▒
▒▒


You could see an orc warrior.

Vanquished Creatures
  Grinder (D:4)
  Prince Ribbit (D:6)
  The ghost of Kite the Sneak, an average HuAs (D:3)
  Menkaure (D:6)
  An ogre (D:5)
  Sigmund (D:6)
  A giant frog (D:6)
  A jelly (D:6)
  A scorpion (D:6)
  2 crimson imps
  An orc priest (D:3)
  4 hounds
  2 iguanas
  3 worker ants
  An orc wizard (D:6)
  Ijyb (D:2)
  An ogre zombie (D:6)
  2 adders
  A giant mite (D:4)
  A shadow imp (D:5)
  A goliath beetle zombie (D:6)
  2 worms
  2 orc zombies (D:6)
  An adder skeleton (D:5)
  A giant gecko (D:1)
  An ooze (D:2)
  6 orcs
  9 bats
  A bat skeleton (D:4)
  10 hobgoblins
  13 kobolds
  4 giant cockroaches
  5 giant newts
  14 goblins
  18 rats
116 creatures vanquished.

Vanquished Creatures (collateral kills)
  An ogre (D:5)
  A giant frog (D:5)
  An adder (D:4)
  A ball python (D:4)
  A bat (D:3)
  A giant cockroach (D:4)
  A giant newt (D:2)
  3 goblins
  A goblin zombie (D:4)
  2 kobolds (D:4)
  An orc skeleton (D:4)
  3 rats
17 creatures vanquished.

Vanquished Creatures (others)
  An adder skeleton (D:2)
  2 giant newt zombies
  3 goblin zombies
  3 hobgoblin zombies
  A kobold skeleton (D:4)
  2 kobold zombies
  2 orc zombies (D:3)
  A rat skeleton (D:6)
  A rat zombie (D:1)
16 creatures vanquished.

Grand Total: 149 creatures vanquished

Notes
Turn   | Place    | Note
--------------------------------------------------------------
     0 | D:1      | Kite, the Minotaur Death Knight, began the quest for the Orb.
     0 | D:1      | Reached XP level 1. HP: 18/18 MP: 1/1
    42 | D:1      | Reached skill level 3 in Invocations
   252 | D:1      | Reached XP level 2. HP: 22/25 MP: 2/2
   555 | D:1      | Acquired Yredelemnul's second power
  1054 | D:2      | Reached XP level 3. HP: 28/30 MP: 4/4
  1671 | D:2      | Noticed Ijyb
  1700 | D:2      | Killed Ijyb
  1700 | D:2      | Reached XP level 4. HP: 30/38 MP: 5/5
  1931 | D:3      | Noticed Kite's ghost (average HuAs)
  1941 | D:3      | Killed Kite's ghost
  1941 | D:3      | Reached skill level 4 in Fighting
  1941 | D:3      | Reached XP level 5. HP: 37/47 MP: 5/5
  2749 | D:3      | Reached skill level 5 in Fighting
  2749 | D:3      | Reached skill level 5 in Polearms
  2749 | D:3      | Reached XP level 6. HP: 9/56 MP: 7/7
  3463 | D:4      | Noticed Grinder
  3466 | D:4      | Paralysed by Grinder for 6 turns
  3477 | D:4      | Paralysed by Grinder for 2 turns
  3500 | D:4      | Paralysed by Grinder for 5 turns
  3519 | D:4      | Killed Grinder
  3519 | D:4      | Reached skill level 6 in Fighting
  3519 | D:4      | Reached XP level 7. HP: 18/64 MP: 8/8
  3830 | D:4      | Found a basalt altar of Yredelemnul.
  4686 | D:5      | Entered Level 5 of the Dungeon
  4728 | D:5      | Found a shattered altar of Ashenzari.
  4730 | D:5      | Found a glowing golden altar of the Shining One.
  4730 | D:5      | Found a sparkling altar of Nemelex Xobeh.
  4733 | D:5      | Reached skill level 7 in Fighting
  4740 | D:5      | Found a deep blue altar of Sif Muna.
  4745 | D:5      | Found a stormy altar of Qazlal.
  4815 | D:5      | Found a staircase to the Ecumenical Temple.
  5128 | D:6      | Noticed Menkaure
  5286 | D:6      | Killed Menkaure
  5286 | D:6      | Reached skill level 8 in Polearms
  5286 | D:6      | Reached XP level 8. HP: 65/74 MP: 8/8
  5341 | D:6      | Found an ancient bone altar of Kikubaaqudgha.
  5373 | D:6      | Noticed Sigmund
  5382 | D:6      | Killed Sigmund
  5542 | D:6      | Noticed Prince Ribbit
  5812 | D:6      | Killed Prince Ribbit
  6366 | D:6      | Reached skill level 9 in Fighting
  6453 | D:6      | Found an iron altar of Okawaru.
  6718 | D:4      | HP: 2/78 [orc warrior/flail (7)]
  6720 | D:4      | Mangled by an orc warrior

Action                   |  1- 3 |  4- 6 |  7- 9 || total
-------------------------+-------+-------+-------++-------
Melee: Spear             |   102 |   136 |    41 ||   279
       Unarmed           |    24 |       |       ||    24
       Trident           |       |       |    62 ||    62
       Quarterstaff      |       |       |    40 ||    40
 Fire: Arbalest          |       |     2 |    33 ||    35
       Blowgun           |       |       |     2 ||     2
Throw: Stone             |    11 |    42 |    38 ||    91
Invok: Animate Remains   |     5 |     5 |    18 ||    28
       Injury Mirror     |     2 |    11 |     9 ||    22
  Use: Scroll            |     7 |     3 |     3 ||    13
       Potion            |     1 |       |       ||     1
  Eat: Chunk             |     3 |     6 |     7 ||    16
       Royal jelly       |       |       |     1 ||     1
       Fruit             |       |       |     3 ||     3
